[ PARTIDA AOE2 · #474600769 ]
1v1 RMFrancos vs Romans
Equipo del jugador · VICT
Equipo rival · DERR
[ ANÁLISIS DE REPETICIÓN · EXTRAÍDO DE LA PARTIDA GRABADA ]
Feudal
10:31
Castillos
15:43
Imperial
31:00
| APM promedio | 30.4 |
| APM pico | 70 |
| eAPM promedio | 18.7 |
| Aldeanos / militares | 151 / 27 |
Foco
⚔️ 18.9% · 🌾 81.1%
Knight ×21 · Trebuchet (Packed) ×4 · Monk ×2
Feudal
15:49
Castillos
22:54
Imperial
—
| APM promedio | 5.9 |
| APM pico | 12 |
| eAPM promedio | 5.2 |
| Aldeanos / militares | 31 / 23 |
Foco
⚔️ 28.8% · 🌾 71.2%
Scout Cavalry ×17 · Knight ×6
Mapa de la partida
Recursos iniciales + cada clic de construcción. Líneas = muros · curvas = relieve. ◆ oro · ⬟ piedra · ● bayas · ✦ reliquia · ◌ hueco del cierre
Tu base· ✓ Cerrada en 15:43 · 0t muro · 3 puerta(s)
Base de Noah· ✓ Cerrada en 22:54 · 0t muro · 2 puerta(s)
Terreno inicial suavizado · ◌ = hueco del cierre detectado · pasá el cursor para detalles
Inputs por minuto
— Brady Will Pay - - Noah
Build order — Brady Will Pay
Primeras 150 de 324 acciones detectadas
| 0:01 | Crear | Villager (Male) |
| 0:02 | Crear | Villager (Male) |
| 0:02 | Crear | Villager (Male) |
| 0:03 | Construir | House |
| 0:05 | Construir | House |
| 0:09 | Crear | Villager (Male) |
| 1:35 | Crear | Villager (Male) |
| 1:35 | Crear | Villager (Male) |
| 1:46 | Construir | Lumber Camp |
| 1:51 | Crear | Villager (Male) |
| 1:51 | Crear | Villager (Male) |
| 2:16 | Crear | Villager (Male) |
| 2:17 | Crear | Villager (Male) |
| 2:35 | Crear | Villager (Male) |
| 2:36 | Crear | Villager (Male) |
| 3:09 | Crear | Villager (Male) |
| 3:26 | Construir | House |
| 3:41 | Crear | Villager (Male) |
| 4:04 | Crear | Villager (Male) |
| 4:04 | Crear | Villager (Male) |
| 4:31 | Crear | Villager (Male) |
| 4:31 | Crear | Villager (Male) |
| 5:18 | Crear | Villager (Male) |
| 5:37 | Construir | House |
| 5:41 | Crear | Villager (Male) |
| 5:42 | Crear | Villager (Male) |
| 5:47 | Crear | Villager (Male) |
| 5:47 | Crear | Villager (Male) |
| 6:51 | Crear | Villager (Male) |
| 7:19 | Crear | Villager (Male) |
| 7:32 | Construir | Mill |
| 7:42 | Crear | Villager (Male) |
| 8:02 | Construir | Mining Camp |
| 8:18 | Investigar | Feudal Age |
| 8:46 | Crear | Villager (Male) |
| 8:51 | Crear | Villager (Male) |
| 9:25 | Crear | Villager (Male) |
| 9:30 | Investigar | Loom |
| 9:39 | Construir | House |
| 10:24 | Crear | Villager (Male) |
| 10:31 | Edad | Edad Feudal |
| 11:22 | Construir | Market |
| 11:27 | Construir | Blacksmith |
| 11:40 | Crear | Villager (Male) |
| 11:47 | Construir | Farm |
| 11:47 | Construir | Farm |
| 11:48 | Construir | Farm |
| 11:50 | Construir | Farm |
| 11:55 | Construir | Farm |
| 11:56 | Construir | Farm |
| 12:12 | Crear | Villager (Male) |
| 12:15 | Construir | Farm |
| 12:28 | Crear | Villager (Male) |
| 12:41 | Construir | Farm |
| 13:03 | Investigar | Castle Age |
| 13:03 | Investigar | Castle Age |
| 13:26 | Construir | House |
| 13:28 | Construir | House |
| 13:33 | Investigar | Double-Bit Axe |
| 13:48 | Crear | Villager (Male) |
| 14:48 | Crear | Villager (Male) |
| 14:48 | Crear | Villager (Male) |
| 15:17 | Crear | Villager (Male) |
| 15:43 | Edad | Edad de los Castillos |
| 15:46 | Construir | Town Center |
| 15:54 | Crear | Villager (Male) |
| 16:03 | Crear | Villager (Male) |
| 16:17 | Construir | Barracks |
| 16:32 | Construir | Town Center |
| 16:37 | Investigar | Wheelbarrow |
| 16:38 | Crear | Villager (Male) |
| 17:01 | Crear | Villager (Male) |
| 17:12 | Crear | Villager (Male) |
| 17:18 | Crear | Villager (Male) |
| 17:24 | Construir | Farm |
| 17:24 | Construir | Farm |
| 17:32 | Construir | Farm |
| 17:42 | Investigar | Bow Saw |
| 17:46 | Crear | Villager (Male) |
| 17:58 | Crear | Villager (Male) |
| 18:09 | Construir | House |
| 18:10 | Construir | House |
| 18:17 | Crear | Villager (Male) |
| 18:32 | Construir | Farm |
| 18:32 | Construir | Farm |
| 18:43 | Construir | Farm |
| 18:46 | Crear | Villager (Male) |
| 18:55 | Crear | Villager (Male) |
| 19:02 | Crear | Villager (Male) |
| 19:08 | Construir | Farm |
| 19:12 | Construir | Farm |
| 19:17 | Construir | Farm |
| 19:17 | Construir | Farm |
| 19:22 | Construir | House |
| 19:29 | Construir | Farm |
| 19:35 | Crear | Villager (Male) |
| 19:37 | Crear | Villager (Male) |
| 19:37 | Crear | Villager (Male) |
| 19:39 | Crear | Villager (Male) |
| 19:41 | Crear | Villager (Male) |
| 19:55 | Construir | Farm |
| 19:56 | Construir | Farm |
| 20:01 | Crear | Villager (Male) |
| 20:02 | Crear | Villager (Male) |
| 20:03 | Crear | Villager (Male) |
| 20:03 | Crear | Villager (Male) |
| 20:07 | Construir | House |
| 20:11 | Construir | House |
| 20:13 | Construir | House |
| 20:19 | Crear | Villager (Male) |
| 20:21 | Crear | Villager (Male) |
| 20:21 | Crear | Villager (Male) |
| 20:42 | Crear | Villager (Male) |
| 20:54 | Investigar | Hand Cart |
| 20:55 | Crear | Villager (Male) |
| 20:55 | Crear | Villager (Male) |
| 21:09 | Crear | Villager (Male) |
| 21:13 | Construir | Stable |
| 21:19 | Construir | Stable |
| 21:24 | Crear | Villager (Male) |
| 21:25 | Crear | Villager (Male) |
| 21:25 | Crear | Villager (Male) |
| 21:36 | Construir | Farm |
| 21:42 | Crear | Villager (Male) |
| 21:51 | Investigar | Gold Mining |
| 21:51 | Investigar | Stone Mining |
| 21:58 | Investigar | Stone Mining |
| 21:58 | Investigar | Stone Mining |
| 22:07 | Crear | Villager (Male) |
| 22:16 | Construir | Farm |
| 22:16 | Construir | Farm |
| 22:16 | Construir | Farm |
| 22:17 | Construir | Farm |
| 22:21 | Construir | Farm |
| 22:25 | Investigar | Town Watch |
| 22:25 | Crear | Villager (Male) |
| 22:29 | Crear | Villager (Male) |
| 22:41 | Crear | Villager (Male) |
| 22:56 | Crear | Villager (Male) |
| 22:57 | Crear | Villager (Male) |
| 22:57 | Crear | Villager (Male) |
| 22:57 | Crear | Villager (Male) |
| 23:16 | Construir | Town Center |
| 23:20 | Crear | Knight |
| 23:21 | Crear | Knight |
| 23:21 | Crear | Knight |
| 23:30 | Crear | Villager (Male) |
| 23:31 | Crear | Villager (Male) |
| 23:36 | Construir | House |
| 23:38 | Construir | House |
Build order — Noah
95 acciones detectadas en el replay
| 0:17 | Construir | House |
| 0:21 | Crear | Villager (Male) |
| 0:52 | Crear | Villager (Male) |
| 1:47 | Construir | Mill |
| 1:52 | Crear | Villager (Male) |
| 1:58 | Crear | Villager (Male) |
| 2:44 | Construir | Farm |
| 2:49 | Crear | Villager (Male) |
| 3:03 | Construir | Farm |
| 3:23 | Construir | House |
| 4:34 | Construir | House |
| 4:44 | Crear | Villager (Male) |
| 5:23 | Construir | Farm |
| 5:26 | Crear | Villager (Male) |
| 5:40 | Construir | House |
| 6:25 | Crear | Villager (Male) |
| 6:50 | Crear | Villager (Male) |
| 7:04 | Construir | Farm |
| 7:08 | Crear | Villager (Male) |
| 7:32 | Crear | Villager (Male) |
| 8:06 | Construir | House |
| 8:24 | Crear | Villager (Male) |
| 9:49 | Construir | Lumber Camp |
| 9:55 | Crear | Villager (Male) |
| 10:06 | Construir | House |
| 10:30 | Crear | Villager (Male) |
| 10:30 | Crear | Villager (Male) |
| 11:18 | Construir | Farm |
| 11:37 | Crear | Villager (Male) |
| 13:39 | Investigar | Feudal Age |
| 13:50 | Crear | Villager (Male) |
| 14:23 | Construir | Barracks |
| 15:36 | Construir | Farm |
| 15:49 | Edad | Edad Feudal |
| 16:03 | Construir | House |
| 16:18 | Crear | Villager (Male) |
| 16:18 | Crear | Villager (Male) |
| 16:23 | Investigar | Man-at-Arms (upgrade) |
| 16:38 | Construir | Farm |
| 16:42 | Crear | Villager (Male) |
| 17:39 | Construir | Stable |
| 17:57 | Crear | Villager (Male) |
| 18:19 | Construir | House |
| 19:12 | Construir | Blacksmith |
| 19:39 | Crear | Villager (Male) |
| 20:05 | Construir | House |
| 20:14 | Investigar | Castle Age |
| 20:32 | Construir | Farm |
| 20:37 | Crear | Villager (Male) |
| 21:03 | Crear | Scout Cavalry |
| 21:22 | Construir | House |
| 21:42 | Crear | Scout Cavalry |
| 22:01 | Investigar | Wheelbarrow |
| 22:30 | Construir | Stable |
| 22:51 | Crear | Scout Cavalry |
| 22:54 | Edad | Edad de los Castillos |
| 23:19 | Crear | Knight |
| 23:33 | Investigar | Husbandry |
| 23:54 | Crear | Villager (Male) |
| 24:22 | Construir | Farm |
| 25:11 | Crear | Villager (Male) |
| 25:31 | Crear | Knight |
| 25:32 | Crear | Knight |
| 25:44 | Crear | Scout Cavalry |
| 25:44 | Crear | Scout Cavalry |
| 25:44 | Crear | Scout Cavalry |
| 25:45 | Crear | Scout Cavalry |
| 25:54 | Construir | Farm |
| 26:37 | Crear | Scout Cavalry |
| 26:45 | Crear | Scout Cavalry |
| 26:47 | Crear | Scout Cavalry |
| 27:57 | Crear | Villager (Male) |
| 27:58 | Crear | Villager (Male) |
| 29:02 | Construir | House |
| 29:20 | Investigar | Scale Barding Armor |
| 29:47 | Construir | Castle |
| 30:19 | Construir | Castle |
| 30:39 | Crear | Scout Cavalry |
| 30:41 | Crear | Scout Cavalry |
| 30:46 | Crear | Villager (Male) |
| 30:47 | Crear | Villager (Male) |
| 31:34 | Crear | Villager (Male) |
| 31:55 | Construir | Farm |
| 33:08 | Construir | House |
| 33:15 | Construir | House |
| 33:27 | Crear | Scout Cavalry |
| 33:30 | Crear | Scout Cavalry |
| 33:30 | Crear | Scout Cavalry |
| 33:30 | Crear | Scout Cavalry |
| 33:34 | Crear | Scout Cavalry |
| 33:40 | Crear | Villager (Male) |
| 34:55 | Investigar | Long Swordsman (upgrade) |
| 34:59 | Crear | Knight |
| 35:01 | Crear | Knight |
| 35:03 | Crear | Knight |
Cronología de la partida
| 10:31 | Brady Will Pay · age_up feudal |
| 12:46 | Brady Will Pay · first_market_sell 100 wood |
| 12:47 | Brady Will Pay · first_market_buy 100 food |
| 14:23 | Noah · first_building Barracks |
| 15:43 | Brady Will Pay · age_up castle |
| 15:49 | Noah · age_up feudal |
| 16:17 | Brady Will Pay · first_building Barracks |
| 17:39 | Noah · first_building Stable |
| 21:13 | Brady Will Pay · first_building Stable |
| 22:54 | Noah · age_up castle |
| 25:32 | Brady Will Pay · first_building Monastery |
| 27:53 | Brady Will Pay · first_building Castle |
| 29:47 | Noah · first_building Castle |
| 31:00 | Brady Will Pay · age_up imperial |
| 32:57 | Brady Will Pay · first_building Siege Workshop |
| 35:38 | Noah · resign |
[ ANÁLISIS IA · 1 CRÉDITO ]
¿Qué pasó realmente en esta partida?
Wolo.gg analiza cada decisión: build order, eco, micro, errores típicos por bracket. Análisis personalizado por WhatsApp o Discord en 30 segundos.
Guía civ
Francos
Guía mapa
Arena
Perfil
Jugador #18373321